[Event "Deutsche Schachbundesliga 2010/11"]
[Site "Germany"]
[Date "2011.03.20"]
[Round "13"]
[White "Bacrot, Etienne"]
[Black "Zaragatski, Ilja"]
[Result "1-0"]
[ECO "A29"]
[WhiteElo "2716"]
[BlackElo "2490"]
[Annotator "Robot 3"]
[PlyCount "137"]
[EventDate "2011.??.??"]
[WhiteTeam "Baden-Baden"]
[BlackTeam "Katernberg"]
[TimeControl "40/6000+30:20/3000+30:900+30"]

1. c4 e5 2. Nc3 Nf6 3. Nf3 Nc6 4. g3 d5 5. cxd5 Nxd5 6. Bg2 Nb6 7. a3 Be7 8. b4
O-O 9. O-O Re8 10. d3 Bf8 11. Bb2 a5 12. b5 Nd4 13. e3 Nxf3+ 14. Bxf3 Rb8 15.
Qc2 Be6 16. Rfd1 Qf6 17. Bg2 Qg6 18. Na4 Nd7 19. Bc3 b6 20. Qb2 h5 21. e4 h4
22. d4 hxg3 23. hxg3 exd4 24. Bxd4 f6 25. Rac1 Bd6 26. Be3 Bg4 27. Qb3+ Qf7 28.
Qxf7+ Kxf7 29. f3 Be6 30. Rc3 g5 31. f4 gxf4 32. gxf4 Bg4 33. Rd2 Rbd8 34. Kf2
Nf8 35. Rcd3 Bd7 36. Nxb6 Bxb5 37. Rb3 Bc6 38. Nd5 Ng6 39. Nxf6 Kxf6 40. e5+
Bxe5 41. Bxc6 Rxd2+ 42. Bxd2 Bd4+ 43. Kf3 Re6 44. Bd5 Rd6 45. Be4 Bb6 46. Bc3+
Kf7 47. Rb5 Nf8 48. Bxa5 Ne6 49. Bd5 Kf6 50. Bc3+ Bd4 51. Be1 Bb6 52. Bxe6 Kxe6
53. Kg4 Rd1 54. Re5+ Kf7 55. Bb4 Rc1 56. Rb5 Be3 57. Kf3 Bd4 58. a4 c5 59. Ke4
Ra1 60. a5 Ra4 61. Kd5 cxb4 62. Kxd4 b3+ 63. Kc5 Rxf4 64. Rxb3 Ke6 65. a6 Kd7
66. a7 Ra4 67. Kb6 Kc8 68. Rb5 Ra1 69. Rc5+ 1-0

[Event "Deutsche Schachbundesliga 2010/11"]
[Site "Germany"]
[Date "2011.03.20"]
[Round "13"]
[White "Chuchelov, Vladimir"]
[Black "Shirov, Alexei"]
[Result "0-1"]
[ECO "D45"]
[WhiteElo "2565"]
[BlackElo "2749"]
[Annotator "Robot 3"]
[PlyCount "60"]
[EventDate "2011.??.??"]
[WhiteTeam "Katernberg"]
[BlackTeam "Baden-Baden"]
[TimeControl "40/6000+30:20/3000+30:900+30"]

1. Nf3 d5 2. d4 Nf6 3. c4 c6 4. Nc3 e6 5. e3 Nbd7 6. Qc2 Bd6 7. b3 O-O 8. Be2
b6 9. O-O Bb7 10. Bb2 Rc8 11. Rad1 c5 12. dxc5 Nxc5 13. Qb1 Qe7 14. Ng5 Nfe4
15. Ngxe4 dxe4 16. Rd2 f5 17. Rfd1 Bxh2+ 18. Kxh2 Qh4+ 19. Kg1 f4 20. Nb5 Nd3
21. Bxd3 exd3 22. e4 f3 23. Be5 Bxe4 24. Bg3 Qh6 25. Nd4 Rc5 26. gxf3 Rxf3 27.
Rxd3 Rxd3 28. f3 Qe3+ 29. Bf2 Rg5+ 30. Kf1 Rxd1+ 0-1

[Event "Deutsche Schachbundesliga 2010/11"]
[Site "Germany"]
[Date "2011.03.20"]
[Round "13"]
[White "Glek, Igor"]
[Black "Movsesian, Sergei"]
[Result "1/2-1/2"]
[ECO "B22"]
[WhiteElo "2467"]
[BlackElo "2723"]
[Annotator "Robot 3"]
[PlyCount "60"]
[EventDate "2011.??.??"]
[WhiteTeam "Katernberg"]
[BlackTeam "Baden-Baden"]
[TimeControl "40/6000+30:20/3000+30:900+30"]

1. e4 c5 2. Nf3 e6 3. c3 Nf6 4. e5 Nd5 5. Bc4 d6 6. d4 Nc6 7. O-O cxd4 8. cxd4
Be7 9. Qe2 O-O 10. Rd1 Na5 11. Bd3 Nb4 12. Nc3 Nxd3 13. Rxd3 b6 14. Qe4 Ba6 15.
Rd1 d5 16. Qg4 Kh8 17. Qh5 Qe8 18. Ng5 h6 19. Nh3 f5 20. Qxe8 Rfxe8 21. Nf4 Bb4
22. Bd2 Nc4 23. a3 Bf8 24. Ng6+ Kg8 25. Rab1 Rec8 26. Na2 Nxd2 27. Rxd2 Rc4 28.
f4 Rac8 29. Kf2 Rc2 30. Ke3 R2c7 1/2-1/2

[Event "Deutsche Schachbundesliga 2010/11"]
[Site "Germany"]
[Date "2011.03.20"]
[Round "13"]
[White "Gustafsson, Jan"]
[Black "Rosen, Bernd"]
[Result "1/2-1/2"]
[ECO "D41"]
[WhiteElo "2646"]
[BlackElo "2353"]
[Annotator "Robot 3"]
[PlyCount "122"]
[EventDate "2011.??.??"]
[WhiteTeam "Baden-Baden"]
[BlackTeam "Katernberg"]
[TimeControl "40/6000+30:20/3000+30:900+30"]

1. Nf3 c5 2. c4 Nf6 3. Nc3 d5 4. cxd5 Nxd5 5. d4 cxd4 6. Qxd4 e6 7. e4 Nc6 8.
Bb5 Nxc3 9. Bxc6+ bxc6 10. Qxc3 Bd7 11. O-O f6 12. Be3 Be7 13. Rfd1 Qc7 14. Bc5
Bxc5 15. Qxc5 Kf7 16. e5 Rab8 17. Qd4 Ke7 18. Qg4 Kf7 19. Qh5+ Ke7 20. Qg4 Kf7
21. Qh5+ Ke7 22. Rd2 Rb5 23. Re1 Kf8 24. Qh4 f5 25. Rc1 h6 26. h3 Kf7 27. b3
Re8 28. Rd6 Re7 29. Qd4 Be8 30. Rc5 Qa5 31. Rc2 Rb4 32. Qd2 Rb5 33. Qd4 Rb4 34.
Qd3 Re4 35. Rd8 c5 36. Qd6 c4 37. bxc4 Qa4 38. Qd3 Rc7 39. Rd4 Bc6 40. Qb3 Qa5
41. Rdd2 Qc5 42. Qb8 Ba4 43. Rc1 Rxc4 44. Rxc4 Qxc4 45. Rd4 Qc1+ 46. Kh2 Be8
47. h4 Re7 48. Qb3 Qc5 49. Kg3 Bc6 50. Rc4 Qd5 51. Qc3 Bb7 52. a3 Qd8 53. Qe3
Bd5 54. Ra4 Qb8 55. h5 Be4 56. Ra5 Bxf3 57. gxf3 Qc7 58. Qc5 Qd7 59. Qe3 Qc7
60. Qc5 Qd7 61. Qe3 Qc7 1/2-1/2

[Event "Deutsche Schachbundesliga 2010/11"]
[Site "Germany"]
[Date "2011.03.20"]
[Round "13"]
[White "Ris, Robert"]
[Black "Adams, Michael"]
[Result "1/2-1/2"]
[ECO "E11"]
[WhiteElo "2416"]
[BlackElo "2728"]
[Annotator "Robot 3"]
[PlyCount "93"]
[EventDate "2011.??.??"]
[WhiteTeam "Katernberg"]
[BlackTeam "Baden-Baden"]
[TimeControl "40/6000+30:20/3000+30:900+30"]

1. d4 Nf6 2. c4 e6 3. g3 d5 4. Nf3 Bb4+ 5. Bd2 Be7 6. Bg2 c6 7. O-O Nbd7 8. Qb3
a5 9. Bf4 O-O 10. Rd1 b5 11. c5 Nh5 12. Bd2 Qc7 13. Qc2 e5 14. e4 exd4 15. Nxd4
Bxc5 16. Be3 Nhf6 17. exd5 Nxd5 18. Bxd5 cxd5 19. Nxb5 Qb6 20. Bxc5 Nxc5 21.
Nd4 Bg4 22. f3 Bxf3 23. Nxf3 Nb3+ 24. Qf2 Qxf2+ 25. Kxf2 Nxa1 26. Nd4 Rfb8 27.
Rd2 a4 28. Nc3 Kf8 29. Ke2 Re8+ 30. Kd1 a3 31. Kc1 Rac8 32. Rd1 Re3 33. Kb1
axb2 34. Ndb5 Rexc3 35. Nxc3 Rxc3 36. Kxb2 Rc2+ 37. Kxa1 Rxh2 38. Rxd5 h5 39.
a4 h4 40. gxh4 Rxh4 41. a5 Ke7 42. Kb2 Ke6 43. Rg5 Kf6 44. Rg3 g5 45. Ra3 g4
46. Kc2 g3 47. Rxg3 1/2-1/2

[Event "Deutsche Schachbundesliga 2010/11"]
[Site "Germany"]
[Date "2011.03.20"]
[Round "13"]
[White "Scholz, Christian"]
[Black "Naiditsch, Arkadij"]
[Result "0-1"]
[ECO "E21"]
[WhiteElo "2387"]
[BlackElo "2674"]
[Annotator "Robot 3"]
[PlyCount "68"]
[EventDate "2011.??.??"]
[WhiteTeam "Katernberg"]
[BlackTeam "Baden-Baden"]
[TimeControl "40/6000+30:20/3000+30:900+30"]

1. d4 Nf6 2. c4 e6 3. Nf3 b6 4. Nc3 Bb4 5. Qc2 Bb7 6. a3 Be4 7. Qd2 Bxc3 8.
Qxc3 O-O 9. e3 c5 10. Be2 cxd4 11. exd4 d5 12. b3 Nc6 13. Be3 Rc8 14. Rc1 dxc4
15. bxc4 Na5 16. Qb4 Ng4 17. O-O Qc7 18. Ne5 Nc6 19. Qc3 Ncxe5 20. dxe5 Nxe3
21. Qxe3 Bb7 22. Rfd1 Rfd8 23. Qg3 Qc5 24. h4 Ba6 25. Qg5 Qf8 26. a4 h6 27. Qf4
Qe8 28. Qe4 Qxa4 29. Bd3 g6 30. Ra1 Qb3 31. Qg4 Rxd3 32. Rxd3 Qxd3 33. Rxa6
Rxc4 34. f4 Rc1+ 0-1

[Event "Deutsche Schachbundesliga 2010/11"]
[Site "Germany"]
[Date "2011.03.20"]
[Round "13"]
[White "Svidler, Peter"]
[Black "Bischoff, Klaus"]
[Result "1-0"]
[ECO "B90"]
[WhiteElo "2731"]
[BlackElo "2553"]
[Annotator "Robot 3"]
[PlyCount "107"]
[EventDate "2011.??.??"]
[WhiteTeam "Baden-Baden"]
[BlackTeam "Katernberg"]
[TimeControl "40/6000+30:20/3000+30:900+30"]

1. e4 c5 2. Nf3 d6 3. d4 Nf6 4. Nc3 cxd4 5. Nxd4 a6 6. Be3 e5 7. Nb3 Be7 8. f4
Nbd7 9. a4 b6 10. Bc4 Bb7 11. Nd2 O-O 12. O-O Qc7 13. Qe2 Rfc8 14. fxe5 Nxe5
15. Bb3 Ned7 16. Rf5 Re8 17. Raf1 d5 18. Nxd5 Bxd5 19. Rxd5 Bc5 20. Rg5 Re5 21.
Rg3 b5 22. axb5 axb5 23. c3 Qb6 24. Bxc5 Qxc5+ 25. Kh1 Rae8 26. Rd3 Qc7 27. Rd4
h6 28. Nf3 Rh5 29. g4 Rc5 30. Qg2 Ne5 31. g5 hxg5 32. Nxg5 Qc6 33. Bd5 Nxd5 34.
exd5 Qg6 35. Ne4 Rc4 36. Qxg6 Nxg6 37. Rxc4 bxc4 38. d6 Ne5 39. Nc5 f6 40. Rd1
Kf7 41. Ra1 Rb8 42. Ra7+ Kg6 43. d7 Nf7 44. Rb7 Ra8 45. Ne6 Ra6 46. d8=Q Nxd8
47. Nxd8 Rd6 48. Rb8 Kf5 49. Rc8 Rd2 50. Nc6 Ke4 51. Re8+ Kf3 52. Nd4+ Kf2 53.
h4 Kg3 54. Re3+ 1-0

[Event "Deutsche Schachbundesliga 2010/11"]
[Site "Germany"]
[Date "2011.03.20"]
[Round "13"]
[White "Vallejo Pons, Francisco"]
[Black "Siebrecht, Sebastian"]
[Result "1-0"]
[ECO "C42"]
[WhiteElo "2697"]
[BlackElo "2421"]
[Annotator "Robot 3"]
[PlyCount "77"]
[EventDate "2011.??.??"]
[WhiteTeam "Baden-Baden"]
[BlackTeam "Katernberg"]
[TimeControl "40/6000+30:20/3000+30:900+30"]

1. e4 e5 2. Nf3 Nf6 3. Nxe5 d6 4. Nf3 Nxe4 5. d4 d5 6. Bd3 Be7 7. O-O O-O 8.
Re1 Nd6 9. Bf4 Nd7 10. Nbd2 Nf6 11. h3 Re8 12. Re5 Bf8 13. b3 c6 14. c4 Nde4
15. Qc2 Nxd2 16. Bxd2 h6 17. Rxe8 Qxe8 18. Re1 Qd8 19. g4 Bd6 20. Ne5 Be6 21.
c5 Bc7 22. f3 Nd7 23. Kg2 Qe7 24. Bf4 Nf8 25. Qd2 g5 26. Bg3 f6 27. Ng6 Nxg6
28. Bxg6 Bxg3 29. Kxg3 Kg7 30. Bc2 Rf8 31. Qd3 f5 32. Re5 f4+ 33. Kg2 Rf6 34.
Qh7+ Kf8 35. Qh8+ Kf7 36. Bf5 Qd7 37. Qh7+ Ke8 38. Qg8+ Ke7 39. Qg7+ 1-0

[Event "Deutsche Schachbundesliga 2010/11"]
[Site "Germany"]
[Date "2011.03.20"]
[Round "13"]
[White "Babula, Vlastimil"]
[Black "Hoffmann, Michael"]
[Result "1-0"]
[ECO "D44"]
[WhiteElo "2515"]
[BlackElo "2510"]
[Annotator "Robot 3"]
[PlyCount "63"]
[EventDate "2011.??.??"]
[WhiteTeam "Bremen"]
[BlackTeam "SG Solingen"]
[TimeControl "40/6000+30:20/3000+30:900+30"]

1. d4 d5 2. c4 c6 3. Nc3 Nf6 4. Nf3 e6 5. Bg5 h6 6. Bh4 dxc4 7. e4 g5 8. Bg3 b5
9. e5 Nd5 10. Nd2 Nd7 11. Be2 Bb7 12. O-O Qb6 13. a4 a6 14. Nde4 O-O-O 15. Qd2
c5 16. axb5 axb5 17. Nxd5 Bxd5 18. Nc3 Nb8 19. Nxd5 Rxd5 20. Bf3 Rxd4 21. Qe2
Bg7 22. Ra8 Rhd8 23. Rfa1 b4 24. h3 b3 25. R1a4 Qb5 26. Kh2 R8d7 27. Qe1 Rd3
28. R4a5 Qb6 29. Qe4 c3 30. Rxb8+ Qxb8 31. Ra8 R7d5 32. Qa4 1-0

[Event "Deutsche Schachbundesliga 2010/11"]
[Site "Germany"]
[Date "2011.03.20"]
[Round "13"]
[White "Eljanov, Pavel"]
[Black "Smeets, Jan"]
[Result "1-0"]
[ECO "D94"]
[WhiteElo "2761"]
[BlackElo "2669"]
[Annotator "Robot 3"]
[PlyCount "69"]
[EventDate "2011.??.??"]
[WhiteTeam "Bremen"]
[BlackTeam "SG Solingen"]
[TimeControl "40/6000+30:20/3000+30:900+30"]

1. c4 c6 2. Nf3 d5 3. e3 Nf6 4. Nc3 g6 5. d4 Bg7 6. Be2 O-O 7. O-O Bg4 8. h3
Bxf3 9. Bxf3 dxc4 10. Qe2 Nbd7 11. Rd1 Qa5 12. Qxc4 e5 13. b4 Qc7 14. b5 Nb6
15. Qb3 exd4 16. exd4 Rac8 17. Bg5 Qd6 18. Bh4 Nbd5 19. Bg3 Qd8 20. bxc6 bxc6
21. Rac1 Nxc3 22. Rxc3 Nd5 23. Rc5 Ne7 24. Bg4 Ra8 25. Qb7 h5 26. Bc7 Qe8 27.
Bf3 Nf5 28. Bxc6 Qe2 29. Bf3 Qxa2 30. Rxf5 gxf5 31. d5 a5 32. d6 Be5 33. Qb5
Qe6 34. Bxa8 Rxa8 35. Re1 1-0

[Event "Deutsche Schachbundesliga 2010/11"]
[Site "Germany"]
[Date "2011.03.20"]
[Round "13"]
[White "Fressinet, Laurent"]
[Black "L'Ami, Erwin"]
[Result "1/2-1/2"]
[ECO "C54"]
[WhiteElo "2718"]
[BlackElo "2628"]
[Annotator "Robot 3"]
[PlyCount "120"]
[EventDate "2011.??.??"]
[WhiteTeam "Bremen"]
[BlackTeam "SG Solingen"]
[TimeControl "40/6000+30:20/3000+30:900+30"]

1. e4 e5 2. Nf3 Nc6 3. Bc4 Bc5 4. c3 Nf6 5. b4 Bb6 6. d3 d6 7. a4 a6 8. O-O O-O
9. Nbd2 Ne7 10. Bb3 Ng6 11. Nc4 Ba7 12. Be3 h6 13. Bxa7 Rxa7 14. Ne3 Be6 15.
Re1 Ra8 16. a5 Qd7 17. Ba4 c6 18. Qc2 Ng4 19. d4 Nxe3 20. Rxe3 Qc7 21. Bb3 Bxb3
22. Qxb3 Rfe8 23. g3 Rad8 24. Rae1 b5 25. axb6 Qxb6 26. Qa4 exd4 27. cxd4 Rb8
28. Ra1 Ne7 29. Qxa6 Qxb4 30. Kg2 Red8 31. Qa5 d5 32. Qxb4 Rxb4 33. Ra7 Ng6 34.
Rc7 dxe4 35. Rxe4 Rc4 36. h4 h5 37. Ng5 Rf8 38. Rd7 f6 39. Ne6 Rf7 40. Rd8+ Kh7
41. Re2 Ra7 42. Re8 Rca4 43. Rb8 Ne7 44. Reb2 Nf5 45. R2b7 Rxb7 46. Rxb7 Kh6
47. Rd7 Ra5 48. Rd8 Kh7 49. Kf3 Rd5 50. Ke4 Ne7 51. Ra8 Rd6 52. Nf4 Nd5 53.
Nxh5 g6 54. Ra7+ Kh6 55. Nf4 Nxf4 56. gxf4 f5+ 57. Ke3 Re6+ 58. Kf3 Rd6 59. Ke3
Re6+ 60. Kf3 Rd6 1/2-1/2

[Event "Deutsche Schachbundesliga 2010/11"]
[Site "Germany"]
[Date "2011.03.20"]
[Round "13"]
[White "McShane, Luke J"]
[Black "Nikolic, Predrag"]
[Result "1-0"]
[ECO "A09"]
[WhiteElo "2657"]
[BlackElo "2597"]
[Annotator "Robot 3"]
[PlyCount "121"]
[EventDate "2011.??.??"]
[WhiteTeam "Bremen"]
[BlackTeam "SG Solingen"]
[TimeControl "40/6000+30:20/3000+30:900+30"]

1. g3 d5 2. Nf3 g6 3. c4 d4 4. b4 Bg7 5. d3 e5 6. Bg2 Ne7 7. O-O O-O 8. Nbd2 a5
9. b5 c5 10. bxc6 Nexc6 11. Ba3 Re8 12. Ne1 Na6 13. Nc2 Nab4 14. Bxb4 Nxb4 15.
Nxb4 axb4 16. c5 Bf8 17. Nb3 Qc7 18. Qd2 Ra4 19. Rac1 Be6 20. c6 b6 21. e3 Bh6
22. Rc2 dxe3 23. fxe3 Ra3 24. Kh1 Qd6 25. d4 e4 26. Bxe4 Ra7 27. d5 Bc8 28. Bf3
Bxe3 29. Qd1 Rae7 30. Re1 Re5 31. Kg2 h5 32. Nd2 b5 33. Nf1 Ba7 34. Rxe5 Rxe5
35. Nd2 Rxd5 36. Bxd5 Qxd5+ 37. Qf3 Qd4 38. Qf1 h4 39. h3 hxg3 40. Nf3 Qf4 41.
Re2 Be6 42. Rxe6 fxe6 43. Qd3 Bb8 44. Qxg6+ Kf8 45. Qxe6 Kg7 46. Qe7+ Qf7 47.
Qd7 Kg6 48. Qxf7+ Kxf7 49. Nd4 Be5 50. Nxb5 Ke7 51. h4 Ke6 52. h5 Ke7 53. h6
Ke6 54. h7 Ke7 55. Nc7 Kd6 56. Nd5 Kxc6 57. Nxb4+ Kb5 58. Nd3 Bh8 59. Kxg3 Ka4
60. Kg4 Ka3 61. Nc1 1-0

[Event "Deutsche Schachbundesliga 2010/11"]
[Site "Germany"]
[Date "2011.03.20"]
[Round "13"]
[White "Naumann, Alexander"]
[Black "Llaneza Vega, Marcos"]
[Result "1/2-1/2"]
[ECO "E65"]
[WhiteElo "2544"]
[BlackElo "2467"]
[Annotator "Robot 3"]
[PlyCount "45"]
[EventDate "2011.??.??"]
[WhiteTeam "SG Solingen"]
[BlackTeam "Bremen"]
[TimeControl "40/6000+30:20/3000+30:900+30"]

1. Nf3 c5 2. c4 Nc6 3. g3 g6 4. Bg2 Bg7 5. Nc3 Nf6 6. O-O O-O 7. d4 d6 8. dxc5
dxc5 9. Be3 Qa5 10. Qa4 Qb4 11. Qxb4 cxb4 12. Nd5 Bf5 13. Nh4 Bg4 14. f3 Be6
15. Rad1 Rad8 16. f4 Ng4 17. Bc1 Bxd5 18. cxd5 Nd4 19. Kh1 Nxe2 20. Bd2 Nd4 21.
Bxb4 Rfe8 22. Bc5 Nc2 23. Rd3 1/2-1/2

[Event "Deutsche Schachbundesliga 2010/11"]
[Site "Germany"]
[Date "2011.03.20"]
[Round "13"]
[White "Ragger, Markus"]
[Black "Areshchenko, Alexander"]
[Result "1/2-1/2"]
[ECO "D85"]
[WhiteElo "2628"]
[BlackElo "2664"]
[Annotator "Robot 3"]
[PlyCount "68"]
[EventDate "2011.??.??"]
[WhiteTeam "SG Solingen"]
[BlackTeam "Bremen"]
[TimeControl "40/6000+30:20/3000+30:900+30"]

1. d4 Nf6 2. c4 g6 3. Nc3 d5 4. cxd5 Nxd5 5. e4 Nxc3 6. bxc3 Bg7 7. Be3 c5 8.
Rc1 Qa5 9. Qd2 cxd4 10. cxd4 Qxd2+ 11. Bxd2 O-O 12. Nf3 Bg4 13. Be3 Nc6 14. d5
Na5 15. Bd3 e6 16. Bd2 b6 17. O-O exd5 18. exd5 Rad8 19. Bxa5 bxa5 20. Rc5 a4
21. Bc2 Bxf3 22. gxf3 Bd4 23. Rb5 a3 24. Rd1 Be5 25. Rb7 a5 26. Ba4 Bd6 27. Bc6
Rb8 28. Rdb1 Bb4 29. Ra7 Kg7 30. Kg2 Rfd8 31. Rb3 Kf6 32. Ra6 Kg7 33. Ra7 Kf6
34. Ra6 Kg7 1/2-1/2

[Event "Deutsche Schachbundesliga 2010/11"]
[Site "Germany"]
[Date "2011.03.20"]
[Round "13"]
[White "Stellwagen, Daniel"]
[Black "Efimenko, Zahar"]
[Result "1/2-1/2"]
[ECO "D38"]
[WhiteElo "2635"]
[BlackElo "2683"]
[Annotator "Robot 3"]
[PlyCount "99"]
[EventDate "2011.??.??"]
[WhiteTeam "SG Solingen"]
[BlackTeam "Bremen"]
[TimeControl "40/6000+30:20/3000+30:900+30"]

1. d4 Nf6 2. c4 e6 3. Nf3 d5 4. Nc3 Bb4 5. Bg5 Nbd7 6. cxd5 exd5 7. e3 c5 8.
Qc2 Qa5 9. Bd3 c4 10. Bf5 O-O 11. O-O Re8 12. Nd2 g6 13. Bh3 Kg7 14. Rae1 Ne4
15. Ndxe4 dxe4 16. Bf4 Nb6 17. Bxc8 Raxc8 18. f3 Nd5 19. fxe4 Bxc3 20. bxc3
Qxc3 21. Qf2 Rxe4 22. Be5+ f6 23. Bxf6+ Nxf6 24. Qxf6+ Kg8 25. Qf7+ Kh8 26.
Qxb7 Rce8 27. Qxa7 Rxe3 28. Rb1 R3e7 29. Qc5 Qe3+ 30. Kh1 c3 31. h3 Qg3 32.
Rbc1 Re2 33. Qc6 Qh4 34. Rxc3 Qxd4 35. Rcf3 Re1 36. a4 Kg7 37. a5 Kh6 38. Qc7
Qe5 39. Qb6 Rb8 40. Qf6 Qxf6 41. Rxf6 Re2 42. R1f4 Rb1+ 43. Kh2 Rbb2 44. Rg4
Ra2 45. a6 Re7 46. Rb4 Ree2 47. Rg4 Re7 48. Rb6 Ra7 49. Rc4 R2xa6 50. Rxa6
1/2-1/2

[Event "Deutsche Schachbundesliga 2010/11"]
[Site "Germany"]
[Date "2011.03.20"]
[Round "13"]
[White "Werle, Jan"]
[Black "Le, Quang Liem"]
[Result "1/2-1/2"]
[ECO "D87"]
[WhiteElo "2574"]
[BlackElo "2694"]
[Annotator "Robot 3"]
[PlyCount "95"]
[EventDate "2011.??.??"]
[WhiteTeam "SG Solingen"]
[BlackTeam "Bremen"]
[TimeControl "40/6000+30:20/3000+30:900+30"]

1. d4 Nf6 2. c4 g6 3. Nc3 d5 4. cxd5 Nxd5 5. e4 Nxc3 6. bxc3 Bg7 7. Bc4 c5 8.
Ne2 Nc6 9. Be3 O-O 10. O-O Bd7 11. Rb1 Qc7 12. Bf4 Qc8 13. d5 Na5 14. Bd3 e5
15. Bd2 f5 16. exf5 c4 17. f6 cxd3 18. fxg7 Kxg7 19. Ng3 Qc4 20. Qc1 Kg8 21.
Bh6 Rf7 22. Rb4 Qxd5 23. c4 Qc6 24. Qc3 Be6 25. c5 Qd5 26. Rd1 Rd8 27. Bg5 Rdd7
28. Ra4 Nc6 29. h4 h5 30. Be3 Bf5 31. f3 Kh7 32. Kh2 Nd4 33. Bxd4 exd4 34. Qc1
Qe5 35. Rxa7 Rc7 36. Qg5 Rxc5 37. Ra8 Rd5 38. Kh1 Qe3 39. Nf1 Qe2 40. Qd2 Bh3
41. Re1 Bxg2+ 42. Kh2 Re7 43. Rxe2 dxe2 44. Ne3 Rxe3 45. Qb4 e1=Q 46. Rh8+ Kxh8
47. Qf8+ Kh7 48. Qf7+ 1/2-1/2

[Event "Deutsche Schachbundesliga 2010/11"]
[Site "Germany"]
[Date "2011.03.20"]
[Round "13"]
[White "Appel, Ralf"]
[Black "Hansen, Sune Berg"]
[Result "1/2-1/2"]
[ECO "D45"]
[WhiteElo "2547"]
[BlackElo "2595"]
[Annotator "Robot 3"]
[PlyCount "158"]
[EventDate "2011.??.??"]
[WhiteTeam "Wattenscheid"]
[BlackTeam "Hamburg"]
[TimeControl "40/6000+30:20/3000+30:900+30"]

1. Nf3 d5 2. c4 c6 3. e3 Nf6 4. Nc3 a6 5. d4 e6 6. b3 Bb4 7. Bd2 Bd6 8. Qc2 c5
9. Be2 Nc6 10. O-O O-O 11. Rfd1 Qe7 12. Be1 cxd4 13. exd4 Bd7 14. c5 Bc7 15. a3
e5 16. dxe5 Nxe5 17. b4 Rfe8 18. g3 Nxf3+ 19. Bxf3 Be5 20. Rac1 d4 21. Ne2 Bb5
22. Qb3 Rad8 23. Rd2 Qd7 24. c6 Bxc6 25. Bxc6 bxc6 26. Qc4 Qh3 27. f3 Re6 28.
Nxd4 Bxd4+ 29. Rxd4 Nd5 30. Bf2 Rh6 31. Rh4 Rxh4 32. Qxh4 Qxh4 33. gxh4 Rc8 34.
Rc5 Kf8 35. Ra5 Ra8 36. a4 Rb8 37. Rxa6 Nxb4 38. Rb6 Rxb6 39. Bxb6 Ke8 40. Bd4
g6 41. Kf2 c5 42. Bg7 Nd5 43. Ke2 c4 44. a5 Kd7 45. a6 Kc6 46. Bd4 Nc7 47. a7
Kb7 48. Kd2 Nb5 49. Bc5 Nxa7 50. Kc3 Nb5+ 51. Kxc4 Kc6 52. Bf2 Nd6+ 53. Kd4 f6
54. Be1 Kd7 55. Kd5 Nf5 56. Bf2 Ne7+ 57. Ke4 Ke6 58. Be1 Nd5 59. Bd2 Nb6 60.
Be1 Nc4 61. Bc3 Nd6+ 62. Kf4 Nf5 63. Be1 h6 64. Ke4 h5 65. Kf4 Kd5 66. Bc3 Nd4
67. Ke3 Nf5+ 68. Kf4 Ke6 69. Be1 Nd6 70. Bc3 Nb5 71. Bb4 Nd4 72. Ke4 Nc6 73.
Bd2 Ne5 74. Bc3 Nd7 75. Bb4 Nb6 76. Bd2 Nd5 77. Ba5 f5+ 78. Kd4 Ne7 79. Ke3 Nc6
1/2-1/2

[Event "Deutsche Schachbundesliga 2010/11"]
[Site "Germany"]
[Date "2011.03.20"]
[Round "13"]
[White "Baramidze, David"]
[Black "Rustemov, Alexander"]
[Result "0-1"]
[ECO "D94"]
[WhiteElo "2542"]
[BlackElo "2541"]
[Annotator "Robot 3"]
[PlyCount "122"]
[EventDate "2011.??.??"]
[WhiteTeam "Hamburg"]
[BlackTeam "Wattenscheid"]
[TimeControl "40/6000+30:20/3000+30:900+30"]

1. Nf3 d5 2. c4 c6 3. e3 Nf6 4. Nc3 g6 5. d4 Bg7 6. Be2 O-O 7. O-O b6 8. b3 e6
9. Qc2 Bb7 10. Rd1 Nbd7 11. Ba3 Re8 12. Rac1 Rc8 13. Qb1 a6 14. Bd6 c5 15. h3
cxd4 16. Nxd4 dxc4 17. bxc4 Bf8 18. c5 Bxd6 19. cxd6 Rc5 20. Na4 Rxc1 21. Rxc1
b5 22. Nc3 Qb6 23. Qb4 Rc8 24. Rb1 Qc5 25. Qxc5 Rxc5 26. Rb3 e5 27. Nf3 Nd5 28.
Nxd5 Bxd5 29. Rb2 f6 30. Ne1 Rc1 31. Kf1 Kf7 32. f3 Ra1 33. e4 Rxa2 34. Rb1 Bc4
35. Bxc4+ bxc4 36. Rb4 Ke6 37. Rxc4 Kxd6 38. Nc2 a5 39. Ke1 Nc5 40. Kd2 Rb2 41.
Rc3 Nb3+ 42. Ke3 a4 43. Na3 Rxg2 44. Nb5+ Ke7 45. Rc4 a3 46. Nxa3 Nd4 47. Rc7+
Ke6 48. Rxh7 Rb2 49. Nc4 Rb3+ 50. Kf2 Rxf3+ 51. Kg2 Rc3 52. Nb6 Ne2 53. Nd5
Nf4+ 54. Nxf4+ exf4 55. h4 g5 56. hxg5 fxg5 57. Rh8 g4 58. Rg8 Rc2+ 59. Kf1 g3
60. Rg5 Rf2+ 61. Ke1 Rf3 0-1

[Event "Deutsche Schachbundesliga 2010/11"]
[Site "Germany"]
[Date "2011.03.20"]
[Round "13"]
[White "Ftacnik, Lubomir"]
[Black "Handke, Florian"]
[Result "1/2-1/2"]
[ECO "D10"]
[WhiteElo "2568"]
[BlackElo "2494"]
[Annotator "Robot 3"]
[PlyCount "64"]
[EventDate "2011.??.??"]
[WhiteTeam "Hamburg"]
[BlackTeam "Wattenscheid"]
[TimeControl "40/6000+30:20/3000+30:900+30"]

1. Nf3 d5 2. c4 c6 3. e3 Nf6 4. Nc3 a6 5. Qc2 g6 6. d4 Bg7 7. Bd3 O-O 8. O-O
Bg4 9. Ne5 Be6 10. Bd2 dxc4 11. Nxc4 Nbd7 12. b4 Bxc4 13. Bxc4 e5 14. Ne2 Qe7
15. Bc3 Nb6 16. dxe5 Nfd5 17. Bxd5 Nxd5 18. Bd4 Bxe5 19. Bxe5 Qxe5 20. Rab1
Rfe8 21. Nd4 Qe7 22. Qb3 Rad8 23. Rfc1 Qe4 24. Nf3 Nb6 25. Rd1 Rd5 26. Rxd5
Nxd5 27. Nd2 Qg4 28. h3 Qe2 29. Nf3 Re4 30. a3 Qc4 31. Nd2 Qxb3 32. Rxb3 Re7
1/2-1/2

[Event "Deutsche Schachbundesliga 2010/11"]
[Site "Germany"]
[Date "2011.03.20"]
[Round "13"]
[White "Heinemann, Thies"]
[Black "Dinstuhl, Volkmar"]
[Result "1/2-1/2"]
[ECO "B07"]
[WhiteElo "2488"]
[BlackElo "2424"]
[Annotator "Robot 3"]
[PlyCount "41"]
[EventDate "2011.??.??"]
[WhiteTeam "Hamburg"]
[BlackTeam "Wattenscheid"]
[TimeControl "40/6000+30:20/3000+30:900+30"]

1. e4 d6 2. d4 Nf6 3. Nc3 g6 4. Be3 c6 5. Qd2 b5 6. f3 Nbd7 7. a4 b4 8. Nd1 a5
9. Bd3 Qc7 10. Ne2 c5 11. Bb5 Bg7 12. dxc5 dxc5 13. Bf4 e5 14. Bg5 O-O 15. Ne3
Ba6 16. Bxa6 Rxa6 17. Nc4 Nb6 18. Nxb6 Rxb6 19. Rd1 c4 20. O-O Rc8 21. Be3
1/2-1/2

[Event "Deutsche Schachbundesliga 2010/11"]
[Site "Germany"]
[Date "2011.03.20"]
[Round "13"]
[White "Mladenov, Svetlin"]
[Black "Huschenbeth, Niclas"]
[Result "0-1"]
[ECO "B93"]
[WhiteElo "2436"]
[BlackElo "2461"]
[Annotator "Robot 3"]
[PlyCount "146"]
[EventDate "2011.??.??"]
[WhiteTeam "Wattenscheid"]
[BlackTeam "Hamburg"]
[TimeControl "40/6000+30:20/3000+30:900+30"]

1. e4 c5 2. Nf3 d6 3. d4 cxd4 4. Nxd4 Nf6 5. Nc3 a6 6. Be2 Nbd7 7. f4 g6 8. O-O
Bg7 9. a4 O-O 10. Be3 Qc7 11. Nb3 b6 12. Bf3 Bb7 13. Qe2 Rac8 14. Qf2 Qb8 15.
Rae1 b5 16. axb5 axb5 17. e5 dxe5 18. Ba7 Qa8 19. fxe5 Ne8 20. Bg4 e6 21. Bd4
b4 22. Nb5 Be4 23. Nc5 Bc6 24. Ra1 Qb8 25. Na7 Nxe5 26. Bxe5 Bxe5 27. Nxc8 Qxc8
28. Bxe6 Qc7 29. Nd3 Bxh2+ 30. Kh1 Bg3 31. Qd4 fxe6 32. Rxf8+ Kxf8 33. Qh8+ Kf7
34. Qxh7+ Kf6 35. Rf1+ Kg5 36. Qh3 Be4 37. Ne1 Nf6 38. Nf3+ Bxf3 39. gxf3 Nh5
40. Qg4+ Kh6 41. c3 bxc3 42. bxc3 Qe5 43. Rg1 g5 44. Qb4 Qf6 45. Kg2 Bh4 46.
Qd4 Nf4+ 47. Kh2 Qxd4 48. cxd4 Bf2 49. Rd1 Kg6 50. Rd2 Be3 51. Rd1 Kf5 52. Kh1
Nh3 53. Kg2 Nf2 54. Rb1 Bxd4 55. Rb5+ Kf6 56. Rb8 Nd3 57. Rd8 Nf4+ 58. Kg3 Be3
59. Rf8+ Ke7 60. Rb8 Ng6 61. Rb3 Bf4+ 62. Kf2 Kf6 63. Ke2 Ne7 64. Kd3 Kf5 65.
Rb7 Bd6 66. Rd7 Ke5 67. Rb7 Kf4 68. Ke2 Nf5 69. Rf7 Kg3 70. Rf6 Be5 71. Rf8 Bf4
72. Rf6 Nd4+ 73. Kd3 e5 0-1